Map: New Repugnancy LE

Players

Hak - Winner!

  • Race: Protoss Protoss
  • League: Diamond
  • Spawn Location: 7:00

A.I. 1 (Very Easy)

  • Race: Zerg Zerg
  • Spawn Location: 1:00

VOD

Have the link to the VOD?

Description

Time

  • Played on: June 28, 2019, 2:37 p.m.
  • Length: 6:06
Show
View Real Time Build Order
Export as new Build Order

Hak Protoss - Winner!

Build Orders:  

Get SALT Encoding   

  12  0:01  Probe  
  13  0:13  Probe  
  14  0:20  Pylon  
  14  0:25  Probe  
  15  0:38  Probe  
  15  0:41  Gateway  
  16  0:47  Probe  
  16  0:50  Assimilator  
  16  0:55  Probe  
  18  1:04  Probe  
  19  1:16  Probe  
  20  1:28  Probe  
  21  1:33  Cybernetics Core  
  21  1:45  Nexus  
  21  1:50  Pylon  
  21  1:56  Zealot  
  23  2:12  Twilight Council  
  23  2:17  Probe  
  23  2:19  Assimilator  
  24  2:25  Probe  
  25  2:33  Gateway  
  25  2:35  Probe, Warp Gate  
  25  2:40  Pylon  
  26  2:47  Probe  
  27  3:02  Charge  
  27  3:07  Probe  
  29  3:12  Probe  
  29  3:18  Robotics Facility  
  29  3:19  Probe  
  30  3:25  Probe  
  31  3:32  Probe  
  32  3:37  Probe, Pylon  
  33  3:44  Probe  
  33  3:45  Zealot x2  
  38  3:55  Gateway  
  38  3:58  Gateway  
  38  4:02  Warp Prism  
  38  4:04  Gateway  
  38  4:08  Gateway  
  40  4:23  Gateway  
  40  4:34  Gateway  
  40  4:36  Gateway  
  40  4:41  Pylon  
  40  4:43  Pylon  
  40  4:45  Pylon  
  40  4:49  Pylon  
  40  4:53  Pylon  
  40  4:55  Zealot  
  40  4:57  Zealot  
  44  5:02  Zealot  
  44  5:04  Zealot  
  48  5:11  Zealot x2  
  52  5:32  Zealot x5  
  52  5:33  Zealot  
  64  5:39  Zealot  
  66  5:44  Zealot x2  
  70  5:59  Zealot x3  
  70  6:01  Zealot  
Show
View Real Time Build Order
Export as new Build Order

A.I. 1 (Very Easy) Zerg 

Build Orders: Pool Only 

Get SALT Encoding   

  12  0:00  Drone  
  13  0:12  Overlord  
  13  0:16  Drone  
  14  0:37  Spawning Pool  
  14  0:39  Extractor  
  14  0:40  Drone  
  13  0:47  Drone  
  14  0:52  Overlord  
  14  1:24  Queen, Zergling x2  
  17  1:32  Roach Warren  
  16  1:36  Drone  
  17  1:40  Extractor  
  17  1:44  Drone  
  17  1:50  Zergling x2  
  18  2:04  Drone  
  19  2:11  Drone  
  20  2:17  Zergling x2  
  20  2:19  Drone  
  22  2:30  Overlord  
  22  2:35  Drone  
  23  2:42  Drone  
  23  2:43  Roach  
  26  2:49  Drone  
  27  5:39  Zergling x2  
  28  5:49  Drone  
Tags
 
League
Diamond
Matchup
PvZ
Opening
Pool Only
Spawn Locations
Cross Positions
Add a new tag
Caveats
  • Supply blocks, unpowered buildings, or Contaminate may cause inaccurate times.
  • Supply counts are checked every 10 seconds.